 Dungeon Crawl Stone Soup version 0.20-a0-903-g7e3609c (webtiles) character file.

15512 Infinimo the Cleaver (level 12, -11/113 HPs)
             Began as a Hill Orc Berserker on Mar 21, 2017.
             Was a High Priest of Trog.
             Mangled by a spiny frog (15 damage)
             ... on level 3 of the Lair of Beasts.
             The game lasted 00:20:13 (12199 turns).

Infinimo the Cleaver (Hill Orc Berserker)          Turns: 12199, Time: 00:20:15

Health: -11/113    AC: 16    Str: 24    XL:     12   Next: 27%
Magic:  12/12      EV: 10    Int:  8    God:    Trog [*****.]
Gold:   615        SH:  0    Dex: 10    Spells: 11/11 levels left

rFire    . . .     SeeInvis +   a - +1 hand axe
rCold    + . .     Gourm    .   J - +7 Kryia's mail coat {PotionHeal*2 rC+}
rNeg     . . .     Faith    +   (no shield)
rPois    +         Spirit   .   z - +0 hat {MR+}
rElec    .         Reflect  .   (no cloak)
rCorr    .         Harm     .   (no gloves)
MR       +++..                  (no boots)
Stlth    ..........             m - amulet of faith
Regen    1.3/turn               n - ring of poison resistance
MPRegen  0.2/turn               f - ring of see invisible

@: lethally poisoned (-11 -> -12), exhausted, very slightly contaminated,
regenerating, slowed, very slow
A: no striking features
a: Berserk, Trog's Hand, Brothers in Arms, Burn Spellbooks, Renounce Religion


You were on level 3 of the Lair of Beasts.
You worshipped Trog.
Trog was extremely pleased with you.
You were not hungry.

You visited 2 branches of the dungeon, and saw 13 of its levels.

You collected 615 gold pieces.

Inventory:

Hand Weapons
 a - a +1 hand axe (weapon)
Armour
 z - a +0 hat of magic resistance (worn)
 J - the +7 Kryia's mail coat (worn) {PotionHeal*2 rC+}
   (You found it on level 2 of the Lair of Beasts)

   It protects you from cold.
Jewellery
 f - a ring of see invisible (left hand)
 m - an amulet of faith (around neck)
 n - a ring of poison resistance (right hand)
Wands
 x - a wand of digging (12/24)
 y - a wand of digging (19/24)
Scrolls
 b - a scroll of fog
 d - a scroll of holy word
 g - 6 scrolls of remove curse
 o - a scroll of recharging
 r - 2 scrolls of enchant weapon
 t - a scroll of immolation
 E - a scroll of enchant armour
 G - 2 scrolls of vulnerability {unknown}
 I - a scroll of identify
Potions
 h - 3 potions of flight
 i - 3 potions of magic
 j - 2 potions of haste
 k - 2 potions of brilliance
 p - 5 potions of degeneration
 s - a potion of might
 u - a potion of agility
 A - 3 potions of invisibility
 B - a potion of lignification
Books
 v - a book of Cantrips

   Spells                             Type                      Level
   a - Confusing Touch                Hexes                        1
   b - Animate Skeleton               Necromancy                   1
   c - Summon Small Mammal            Summoning                    1
   d - Apportation                    Translocation                1
   Trog disapproves of the use of such an item.
 D - a book of Frost

   Spells                             Type                      Level
   a - Freeze                         Ice                          1
   b - Throw Frost                    Conjuration/Ice              2
   c - Ozocubu's Armour               Charms/Ice                   3
   d - Throw Icicle                   Conjuration/Ice              4
   e - Summon Ice Beast               Ice/Summoning                4
   Trog disapproves of the use of such an item.
Comestibles
 c - 4 bread rations
 l - 9 meat rations
 q - 18 royal jellies
 H - 3 fruits


   Skills:
 - Level 12.6 Fighting
 - Level 14.0 Axes
 + Level 13.6 Armour
 - Level 1.5 Dodging


You had 11 spell levels left.
You didn't know any spells.

Dungeon Overview and Level Annotations

Branches:
Dungeon (10/15)            Temple (0/1) D:4            Lair (3/6) D:9
  Swamp (0/4) Lair:2        Snake (0/4) Lair:2          Orc (0/2) D:10

Altars:
Fedhas
Hepliaklqana
Makhleb
Okawaru
Qazlal
Sif Muna
Trog
Uskayaw
Wu Jian
Xom

Shops:
D:4 }:((!   D:9 :

Annotations:
D:10 Erica


Message History

The blink frog hits you!
* * * LOW HITPOINT WARNING * * *
The blink frog blinks!
Your skin crawls.
You feel resistant to hostile enchantments.
You feel somewhat more hungry. The spiny frog stings you!
* * * LOW HITPOINT WARNING * * *
Okay, then.
The +7 Kryia's mail coat enhances the healing.
You feel better. The spiny frog stings you!
* * * LOW HITPOINT WARNING * * *
You are poisoned.
The spiny frog poisons you!
The blink frog blinks!
Your ogre goes berserk!
You feel quite a bit more hungry.
You feel very sick. The spiny frog stings you!
* * * LOW HITPOINT WARNING * * *
The spiny frog stings you!
You die...

..... #.#.....
PPPP.##.....#
...........<#
...........##
.........### ###....#.#
.........# ##.....ยง###
##.F..@..# ###....hF.####
......O.....P##
.P#...........###.#.
.......#............#
....#....#.(###..#..#
##......###.######
##......##.#.##P##.#
.#######.#..###..........


You could see a spiny frog, a blink frog, a wolf and a friendly ogre (berserk).

Vanquished Creatures
  Gastronok (D:8)
  Erolcha (D:9)
  2 two-headed ogres
  An ugly thing (D:10)
  2 spiny frogs (Lair:1)
  A queen bee (Lair:2)
  A polar bear (Lair:3)
  2 tyrant leeches (Lair:2)
  5 hippogriffs
  2 blink frogs (Lair:3)
  5 yaks (Lair:2)
  2 basilisks
  Eustachio (D:5)
  Grum (D:8)
  2 water moccasins (Lair:1)
  Edmund (D:5)
  2 sky beasts
  2 hell hounds (D:9)
  8 porcupines
  An ice beast (D:5)
  3 orc warriors
  2 black bears
  11 wolves
  A necrophage (D:9)
  5 ogres
  5 centaurs
  A crocodile (Lair:2)
  2 big kobolds
  A wyvern zombie (D:8)
  9 bullfrogs
  4 scorpions
  32 killer bees
  2 wights (D:8)
  A howler monkey (D:6)
  5 crimson imps
  A jelly (D:7)
  2 quasits (D:9)
  4 orc priests
  5 hounds
  A bullfrog skeleton (D:9)
  An iguana (D:4)
  7 orc wizards
  4 worker ants
  A hound zombie (D:8)
  A mummy (D:8)
  Robin (D:2)
  7 gnolls
  A howler monkey skeleton (D:4)
  8 adders
  A shadow imp (D:10)
  2 oozes
  4 worms
  A dart slug (D:1)
  3 leopard geckos
  34 orcs
  6 bats
  5 giant cockroaches
  17 goblins
  10 hobgoblins
  2 jackals (D:2)
  13 kobolds
  3 quokkas
  5 frilled lizards
  3 rats
  A fungus (Lair:2)
  A plant (Lair:3)
282 creatures vanquished.

Vanquished Creatures (collateral kills)
  A tyrant leech (Lair:2)
1 creature vanquished.

Vanquished Creatures (others)
  A fungus (Lair:3)
  3 plants (Lair:3)
4 creatures vanquished.

Grand Total: 287 creatures vanquished

Notes
Turn   | Place    | Note
-------+----------+-------------------------------------------
     0 | D:1      | Infinimo the Hill Orc Berserker began the quest for the Orb.
     0 | D:1      | Reached XP level 1. HP: 19/19 MP: 1/1
   137 | D:1      | Reached XP level 2. HP: 22/26 MP: 2/2
   274 | D:1      | Reached skill level 5 in Axes
   442 | D:1      | Reached XP level 3. HP: 31/31 MP: 3/3
   852 | D:2      | Found a faded altar of an unknown god.
  1052 | D:2      | Reached skill level 6 in Axes
  1088 | D:2      | Reached ** piety under Trog
  1095 | D:2      | Noticed Robin
  1107 | D:2      | Killed Robin
  1107 | D:2      | Reached XP level 4. HP: 24/39 MP: 4/4
  1787 | D:3      | Reached skill level 7 in Axes
  2190 | D:4      | Reached XP level 5. HP: 44/45 MP: 5/5
  2231 | D:4      | Found Yjuthrom's Antique Weapon Boutique.
  2232 | D:4      | Found Irghogg's Book Boutique.
  2233 | D:4      | Found Inwel's Gadget Boutique.
  2233 | D:4      | Found Peghobum's Antique Weapon Boutique.
  2363 | D:4      | Reached skill level 8 in Axes
  2471 | D:4      | Found a burning altar of Makhleb.
  2511 | D:4      | Found Minofet's Distillery.
  2631 | D:4      | Found a bloodstained altar of Trog.
  2662 | D:4      | Reached XP level 6. HP: 51/51 MP: 6/6
  2699 | D:4      | Found a staircase to the Ecumenical Temple.
  2732 | D:4      | Reached skill level 9 in Axes
  3368 | D:5      | Entered Level 5 of the Dungeon
  3399 | D:5      | Noticed Eustachio
  3403 | D:5      | Found a deep blue altar of Sif Muna.
  3409 | D:5      | Killed Eustachio
  3409 | D:5      | Reached skill level 10 in Axes
  3409 | D:5      | Reached XP level 7. HP: 57/57 MP: 7/7
  3421 | D:5      | Found a hide-covered altar of Uskayaw.
  3421 | D:5      | Found a blossoming altar of Fedhas.
  3727 | D:5      | Reached skill level 11 in Axes
  3906 | D:5      | Noticed Edmund
  3907 | D:5      | Found an ornate altar of the Wu Jian Council.
  3917 | D:5      | Killed Edmund
  3923 | D:5      | Reached skill level 12 in Axes
  3923 | D:5      | Reached XP level 8. HP: 64/64 MP: 6/8
  4039 | D:6      | Reached *** piety under Trog
  4104 | D:6      | Reached skill level 13 in Axes
  4482 | D:6      | Found an iron altar of Okawaru.
  4510 | D:6      | Reached skill level 14 in Axes
  4715 | D:6      | Reached XP level 9. HP: 65/73 MP: 9/9
  4930 | D:7      | Reached skill level 5 in Fighting
  4983 | D:7      | Reached **** piety under Trog
  5928 | D:8      | Noticed Grum
  5936 | D:8      | Reached skill level 10 in Fighting
  5949 | D:8      | Killed Grum
  5949 | D:8      | Reached XP level 10. HP: 94/94 MP: 10/10
  5987 | D:8      | Noticed Gastronok
  6013 | D:8      | Killed Gastronok
  6396 | D:8      | Noticed a two-headed ogre
  6409 | D:8      | Killed a two-headed ogre
  6409 | D:8      | Reached ***** piety under Trog
  6409 | D:8      | Reached skill level 5 in Armour
  6834 | D:9      | Noticed a two-headed ogre
  6841 | D:9      | Killed a two-headed ogre
  6876 | D:9      | Reached XP level 11. HP: 98/105 MP: 11/11
  6890 | D:9      | Found Codder Too's Book Shop.
  7069 | D:9      | Noticed Erolcha
  7164 | D:9      | Killed Erolcha
  7222 | D:9      | Found a staircase to the Lair.
  7414 | D:9      | Found a stormy altar of Qazlal.
  7488 | D:9      | Received a gift from Trog
  7527 | D:9      | Found a shimmering altar of Xom.
  7709 | D:10     | Entered Level 10 of the Dungeon
  7779 | D:10     | Found a staircase to the Orcish Mines.
  7969 | D:10     | Noticed a green ugly thing
  8001 | D:10     | Killed a green ugly thing
  8001 | D:10     | Reached skill level 10 in Armour
  8354 | D:10     | Found a hazy altar of Hepliaklqana.
  8424 | D:10     | Noticed a manticore
  8430 | D:10     | Noticed a two-headed ogre
  8434 | D:10     | Noticed Erica
  8808 | Lair:1   | Entered Level 1 of the Lair of Beasts
 10557 | Lair:2   | Found a staircase to the Snake Pit.
 10642 | Lair:2   | Found a staircase to the Swamp.
 11223 | Lair:2   | Reached XP level 12. HP: 113/113 MP: 12/12
 12199 | Lair:3   | HP: 4/113 [spiny frog (14)]
 12199 | Lair:3   | Mangled by a spiny frog

Vault maps used:
D:1:      matt_arrival_refuge
D:2:      first_bread, chequers_ecumenical_altar_lobes, minmay_heptomino_o4,
          uniq_robin
D:3:      interstate_on_off
D:4:      overflow_temple_1_default, makhleb_blood_cavern_becter,
          minmay_temple_entry_statues_pillars, serial_shops,
          nicolae_shop_statue_plus, kennysheep_minor_cross,
          minmay_shop_grid_forest, dk_noncrumbling_2, hangedman_glass_garden,
          minmay_cut_off
D:5:      minitemple, lemuel_round_altar, roderic_lattice_a, uniq_edmund,
          uniq_eustachio
D:6:      okawaru_trees_1
D:7:      serial_glass, glass_columns_c, glass_columns_b, glass_columns_c
D:8:      serial_undead, serial_undead_f, serial_undead_f, serial_undead_d,
          serial_undead_d, uniq_grum, uniq_gastronok
D:9:      grunt_qazlal_clouds, minmay_lair_entry_lava, basic_altar,
          serial_shops, nicolae_shop_waterfront, grunt_ogre_cave, uniq_erolcha
D:10:     lemuel_ice_spiral_2, basic_altar, uniq_erica
Lair:2:   minmay_swamp_entry_worms, dummy_snake_entry, special_room,
          beast_lair_carwin_5
Lair:3:   serial_forest, infiniplex_forest_lined_3,
          infiniplex_forest_clump_large, infiniplex_forest_straight_2,
          infiniplex_forest_end_3, infiniplex_forest_end_2,
          infiniplex_forest_lined_corner, infiniplex_forest_clump_double

Skill      XL: |  1  2  3  4  5  6  7  8  9 10 11 12 |
---------------+-------------------------------------+-----
Axes           | 5 6 7 8 10 12 14 | 14.0
Fighting       | 4 10 12 | 12.6
Armour         | 7 12 13 | 13.6
Dodging        | |  1.5

Action                   |  1- 3 |  4- 6 |  7- 9 | 10-12 || total
-------------------------+-------+-------+-------+-------++-------
Melee: Hand axe          |   101 |   176 |   329 |   658 ||  1264
Invok: Berserk           |     1 |     3 |     9 |    16 ||    29
       Trog's Hand       |       |       |     2 |     5 ||     7
       Brothers in Arms  |       |       |       |     2 ||     2
  Use: Scroll            |     4 |    10 |     9 |     7 ||    30
       Potion            |       |       |       |     5 ||     5
  Eat: Chunk             |       |     6 |    14 |    21 ||    41
       Bread ration      |       |     1 |     1 |     4 ||     6
Armor: Chain mail        |    56 |    79 |    95 |   247 ||   477
       Animal skin       |     1 |       |       |       ||     1
       Scale mail        |       |       |       |    39 ||    39
Dodge: Dodged            |    34 |    60 |    88 |   258 ||   440
